Map: Catalyst LE

Players

Nerchio - Winner!

  • Race: Zerg Zerg
  • Spawn Location: 11:00

SortOf

  • Race: Zerg Zerg
  • Spawn Location: 5:00

Event: WCS Leipzig 2018

VOD

Have the link to the VOD?

Description

Time

  • Played on: Jan. 27, 2018, 6:40 a.m.
  • Length: 9:54

All games in this series

Show
View Real Time Build Order
Export as new Build Order

Nerchio Zerg - Winner!

Build Orders: Hatch First 

Get SALT Encoding   

  12  0:00  Drone  
  13  0:12  Overlord  
  13  0:17  Drone  
  14  0:31  Drone x2  
  14  0:34  Drone  
  17  0:52  Hatchery  
  17  0:55  Drone  
  17  0:58  Drone  
  18  1:07  Extractor  
  17  1:13  Spawning Pool  
  17  1:17  Drone  
  17  1:20  Drone  
  18  1:28  Drone  
  19  2:00  Zergling x6  
  22  2:03  Spine Crawler  
  22  2:04  Zergling x2, Queen  
  22  2:07  Queen  
  26  2:12  Zergling x2  
  27  2:16  Zergling x2  
  27  2:24  Zergling x2  
  27  2:29  Overlord  
  27  2:33  Zergling x2  
  25  2:38  Metabolic Boost  
  25  2:48  Drone  
  25  2:49  Drone  
  25  2:50  Drone  
  28  2:56  Drone  
  28  2:57  Drone  
  30  3:05  Drone  
  31  3:09  Drone  
  32  3:14  Drone  
  32  3:15  Drone x2  
  32  3:16  Drone  
  36  3:21  Overlord  
  35  3:37  Drone  
  35  3:39  Drone x2, Hatchery  
  37  3:42  Drone  
  37  3:43  Drone  
  37  3:45  Drone  
  40  3:48  Drone  
  40  3:51  Drone  
  40  3:52  Drone  
  40  3:53  Drone  
  44  4:00  Overlord, Evolution Chamber  
  43  4:07  Overlord  
  43  4:12  Extractor  
  43  4:14  Drone x2  
  43  4:16  Overlord, Roach Warren  
  43  4:19  Drone  
  43  4:20  Drone  
  43  4:22  Drone  
  43  4:23  Drone  
  47  4:29  Drone, Zerg Missile Weapons Level 1  
  49  4:31  Drone  
  49  4:36  Extractor, Queen  
  50  4:39  Drone  
  50  4:40  Drone  
  51  4:48  Drone x2  
  51  4:50  Overlord  
  53  4:55  Lair  
  53  4:59  Drone x2  
  55  5:00  Drone  
  55  5:01  Roach  
  55  5:02  Roach  
  60  5:08  Roach x2  
  60  5:11  Roach  
  60  5:13  Roach  
  68  5:16  Roach  
  68  5:19  Roach  
  72  5:23  Roach  
  72  5:24  Overlord  
  72  5:26  Roach  
  75  5:29  Roach  
  75  5:32  Overlord  
  76  5:38  Drone x3  
  76  5:39  Extractor, Overlord  
  76  5:40  Overlord  
  78  5:50  Drone x2, Roach  
  78  5:51  Roach  
  78  5:54  Glial Reconstitution  
  78  5:56  Drone  
  85  5:57  Evolution Chamber  
  84  6:04  Drone x2  
  84  6:05  Drone, Roach  
  84  6:06  Roach x2  
  93  6:15  Roach  
  93  6:16  Unknown, Overlord  
  93  6:18  Roach  
  97  6:22  Roach x4  
  97  6:25  Zerg Missile Weapons Level 2  
  105  6:28  Roach  
  105  6:30  Roach  
  109  6:35  Overseer, Overlord  
  109  6:39  Roach x2  
  113  6:41  Roach  
  113  6:45  Spine Crawler  
  113  6:46  Overlord  
  114  6:47  Roach x2  
  114  6:49  Roach  
  114  6:51  Spine Crawler  
  114  6:52  Roach  
  123  6:54  Roach  
  123  7:00  Roach x3  
  129  7:06  Overseer  
  129  7:07  Overlord x2  
  129  7:10  Drone x3  
  129  7:12  Drone  
  129  7:13  Drone, Extractor  
  129  7:14  Overlord  
  134  7:16  Overlord  
  134  7:20  Overlord  
  134  7:28  Roach x4  
  134  7:29  Roach  
  144  7:34  Roach x3  
  140  7:37  Roach  
  140  7:39  Roach  
  140  7:40  Roach  
  140  7:41  Roach  
  140  7:44  Roach  
  124  7:45  Roach  
  124  7:48  Roach  
  124  7:51  Roach x2  
  124  7:52  Roach  
  126  7:59  Zerg Ground Armor Level 1  
  126  8:01  Roach  
  128  8:11  Drone  
  128  8:12  Drone x2, Extractor  
  130  8:14  Roach  
  130  8:15  Roach x2  
  130  8:17  Roach  
  138  8:20  Hatchery  
  138  8:21  Roach  
  138  8:22  Roach  
  138  8:26  Hydralisk Den  
  140  8:28  Roach x2  
  140  8:31  Overlord  
  144  8:37  Roach  
  144  8:38  Roach  
  144  8:40  Overlord  
  148  8:44  Overlord x2  
  148  8:48  Roach x2  
  152  8:50  Roach  
  152  8:51  Ravager, Roach  
  152  8:52  Ravager  
  152  8:53  Ravager x2  
  160  8:56  Roach  
  160  8:59  Roach  
  160  9:00  Roach  
  160  9:02  Roach  
  168  9:06  Roach x2  
  168  9:09  Roach x2  
  176  9:13  Roach  
  176  9:14  Roach  
  176  9:15  Roach  
  177  9:19  Roach  
  177  9:20  Roach  
  177  9:22  Roach  
  177  9:23  Ravager  
  182  9:24  Roach  
  182  9:27  Roach  
  182  9:29  Roach  
  178  9:32  Roach  
  178  9:33  Roach  
Show
View Real Time Build Order
Export as new Build Order

SortOf Zerg 

Build Orders: Pool First 

Get SALT Encoding   

  12  0:17  Spawning Pool  
  11  0:22  Drone  
  11  0:27  Drone  
  13  0:31  Drone  
  14  0:41  Overlord  
  14  1:04  Zergling x4  
  16  1:05  Zergling x2  
  17  1:15  Zergling x2  
  18  1:19  Hatchery  
  17  1:27  Zergling x2  
  18  1:37  Zergling x2  
  19  1:40  Queen  
  21  1:52  Overlord  
  21  2:00  Drone  
  22  2:11  Drone  
  23  2:16  Queen  
  25  2:24  Drone  
  24  2:32  Drone x2  
  23  2:37  Queen  
  23  2:43  Drone x2  
  26  2:48  Drone x2  
  26  2:51  Drone  
  29  2:53  Drone  
  29  2:58  Spine Crawler  
  29  3:01  Zergling x2  
  29  3:03  Zergling x2  
  31  3:08  Drone  
  32  3:20  Drone x2  
  32  3:22  Drone  
  32  3:23  Drone  
  32  3:25  Overlord  
  37  3:29  Extractor  
  37  3:30  Extractor, Overlord  
  37  3:31  Drone  
  36  3:42  Evolution Chamber  
  36  3:43  Drone  
  36  3:44  Drone x2  
  36  3:45  Drone, Roach Warren  
  36  3:47  Drone  
  39  3:48  Drone  
  39  3:52  Drone  
  39  3:55  Drone x2  
  43  3:57  Drone  
  44  4:04  Drone  
  44  4:13  Evolution Chamber  
  44  4:14  Drone x2  
  44  4:16  Drone x2  
  46  4:19  Lair  
  46  4:22  Drone x2  
  48  4:25  Drone x2  
  50  4:32  Drone  
  50  4:34  Extractor, Overlord  
  50  4:37  Zerg Missile Weapons Level 1  
  50  4:40  Roach  
  50  4:42  Extractor  
  50  4:45  Drone  
  52  4:50  Overlord  
  52  4:53  Overlord  
  52  4:55  Roach x3  
  52  4:57  Drone  
  59  5:11  Overlord  
  59  5:19  Glial Reconstitution  
  59  5:27  Roach  
  60  5:30  Roach  
  60  5:31  Roach x7  
  76  5:44  Hatchery, Overlord x2  
  76  5:45  Drone  
  76  5:49  Overseer  
  76  5:51  Zerg Ground Armor Level 1  
  76  6:07  Overlord  
  76  6:11  Overlord  
  76  6:17  Roach  
  76  6:18  Roach x6  
  90  6:22  Drone x2  
  92  6:29  Drone  
  92  6:30  Drone  
  92  6:31  Ravager  
  95  6:33  Zerg Missile Weapons Level 2  
  95  6:36  Drone x3  
  98  6:41  Drone x2  
  98  6:42  Drone  
  98  6:46  Drone  
  102  6:53  Roach  
  104  6:56  Overlord  
  104  6:57  Roach  
  106  7:04  Roach x2  
  110  7:11  Roach x2  
  110  7:12  Overlord  
  110  7:14  Overlord  
  114  7:16  Roach x3  
  114  7:18  Extractor  
  114  7:21  Overlord  
  114  7:22  Overlord  
  119  7:27  Roach  
  121  7:34  Roach x2  
  121  7:35  Roach x3  
  97  7:44  Roach x2  
  97  7:47  Roach  
  97  7:48  Roach  
  97  7:50  Drone  
  97  7:51  Drone x2  
  102  7:56  Roach x4  
  110  8:00  Ravager  
  110  8:01  Ravager x2  
  110  8:02  Ravager  
  110  8:04  Roach x2  
  118  8:08  Roach  
  120  8:13  Roach x2  
  120  8:19  Roach  
  126  8:23  Roach  
  126  8:24  Ravager  
  131  8:27  Roach  
  131  8:37  Roach x8  
  131  8:38  Overlord  
  146  8:48  Roach  
  146  8:49  Roach x3  
  146  8:51  Overlord  
  146  8:54  Overlord  
  154  8:59  Roach  
  154  9:00  Roach  
  154  9:02  Ravager x3  
  161  9:13  Roach x4  
  163  9:21  Roach x2  
Tags
 
Add a new tag
Caveats
  • Supply blocks, unpowered buildings, or Contaminate may cause inaccurate times.
  • Supply counts are checked every 10 seconds.